Map: Zen LE

Players

LiquidTLO (TLO) - Winner!

  • Race: Zerg Zerg
  • League: Grandmaster
  • Spawn Location: 7:00

demuLarva

  • Race: Terran Terran
  • League: Grandmaster
  • Spawn Location: 1:00

VOD

Have the link to the VOD?

Description

Time

  • Played on: March 20, 2020, noon
  • Length: 5:03
Show
View Real Time Build Order
Export as new Build Order

LiquidTLO Zerg - Winner!

Build Orders: Hatch First 

Get SALT Encoding   

  12  0:01  Drone  
  13  0:13  Overlord  
  13  0:17  Drone  
  14  0:32  Drone x2  
  16  0:48  Hatchery  
  15  0:51  Drone  
  15  0:55  Drone  
  17  1:03  Drone  
  18  1:05  Extractor  
  17  1:14  Spawning Pool  
  17  1:17  Drone  
  17  1:20  Drone  
  18  1:28  Drone  
  19  1:39  Drone  
  20  1:50  Overlord  
  20  2:00  Queen x2  
  24  2:03  Zergling x4  
  24  2:07  Metabolic Boost  
  26  2:11  Drone  
  26  2:13  Drone  
  28  2:22  Drone x2  
  29  2:35  Hatchery  
  28  2:39  Drone  
  29  2:44  Queen  
  29  2:48  Overlord  
  32  2:51  Drone  
  32  2:53  Zergling x2  
  32  2:58  Overlord  
  33  3:01  Drone  
  33  3:05  Zergling x2  
  35  3:06  Drone  
  35  3:10  Drone x2  
  35  3:12  Drone  
  39  3:16  Drone  
  40  3:26  Drone, Roach Warren  
  41  3:27  Drone  
  41  3:30  Drone  
  42  3:39  Drone  
  42  3:40  Drone  
  44  3:41  Extractor  
  44  3:44  Drone x2  
  44  3:46  Drone  
  46  3:54  Overlord  
  45  3:56  Drone  
  45  3:59  Queen  
  45  4:01  Zergling x4  
  45  4:02  Overlord  
  50  4:07  Roach  
  50  4:08  Roach x2  
  50  4:09  Roach  
  58  4:10  Overlord  
  58  4:14  Extractor  
  58  4:16  Roach  
  58  4:19  Roach x2  
  62  4:24  Roach  
  62  4:28  Zergling x2  
  62  4:29  Roach  
  67  4:32  Zergling x4  
  67  4:35  Zergling x2  
  67  4:36  Zergling x2  
Show
View Real Time Build Order
Export as new Build Order

demuLarva Terran 

Build Orders: 2 Factory, Hellion Opening, Reaper Expand 

Get SALT Encoding   

  12  0:01  SCV  
  13  0:13  SCV  
  14  0:17  Supply Depot  
  14  0:25  SCV  
  15  0:39  SCV  
  15  0:40  Barracks  
  16  0:44  Refinery  
  16  0:51  SCV  
  17  1:03  SCV  
  18  1:15  SCV  
  19  1:28  Reaper  
  19  1:29  Orbital Command  
  20  1:42  Command Center  
  20  1:47  Supply Depot  
  20  1:54  Refinery  
  20  1:56  SCV  
  21  2:03  Marine  
  22  2:08  SCV  
  23  2:21  Barracks Reactor  
  23  2:24  Factory  
  23  2:40  SCV, Factory  
  24  2:53  SCV  
  24  2:54  Orbital Command  
  25  3:05  SCV  
  26  3:10  Starport  
  26  3:14  Hellion x2  
  26  3:17  SCV  
  31  3:24  Factory Tech Lab  
  31  3:26  SCV  
  32  3:28  Marine  
  32  3:32  Hellion  
  35  3:38  Hellion x2  
  35  3:40  SCV  
  39  3:44  Supply Depot  
  39  3:53  Hellion  
  39  3:55  Medivac  
  42  3:59  Armory  
  46  4:02  Hellion  
  46  4:03  Hellion  
  46  4:10  SCV x2  
  46  4:15  Supply Depot  
  46  4:17  Hellion  
  50  4:20  Marine  
  54  4:37  SCV x2  
  54  4:38  Marine  
  62  4:55  Supply Depot  
  62  5:01  Supply Depot  
Tags
 
Add a new tag
Caveats
  • Supply blocks, unpowered buildings, or Contaminate may cause inaccurate times.
  • Supply counts are checked every 10 seconds.